 Dungeon Crawl Stone Soup version 0.31-a0-618-g7ca08c1ff9 (webtiles) character file.

Game seed: 10526329174493521612

21 RepHenryClay the Sneak (level 2, 0/26 HPs)
             Began as a Minotaur Delver on Aug 22, 2023.
             Killed by nerve-wracking pain
             ... invoked by an orc priest
              (2 damage)
             ... on level 3 of the Dungeon on Aug 23, 2023.
             The game lasted 00:00:59 (260 turns).

RepHenryClay the Sneak (Minotaur Delver)             Turns: 260, Time: 00:01:00

Health: 0/26       AC:  8    Str: 16    XL:     2   Next: 65%
Magic:  1/1        EV:  7    Int:  7    God:
Gold:   10         SH:  0    Dex: 11    Spells: 1/1 levels left

rFire   . . .        a - +0 mace
rCold   . . .        (no shield)
rNeg    . . .        j - +0 chain mail
rPois   .            (helmet restricted)
rElec   .            (no cloak)
rCorr   .            (no gloves)
SInv    .            (no boots)
Will    .....        (no amulet) Stlth
                     (no ring)
HPRegen 0.24/turn    (no ring)
MPRegen 0.07/turn

%: no passive effects
@: no status effects
A: horns 2, retaliatory headbutt
a: no special abilities


You were on level 3 of the Dungeon.
You visited 1 branch of the dungeon, and saw 3 of its levels.

You collected 10 gold pieces.

Inventory:

Hand Weapons
 a - a +0 mace (weapon)
Missiles
 i - 6 poisoned darts
Armour
 b - a +0 leather armour
 j - a +0 chain mail (worn)
Wands
 g - a wand of digging (3)
Scrolls
 c - a scroll of fog
 d - a scroll of revelation
 e - a scroll of fear
 h - a scroll of identify {unknown}
Potions
 f - a potion of haste


   Skills:
 - Level 3.6 Fighting
 + Level 3.3 Maces & Flails
 + Level 2.0 Armour
 - Level 2.1 Dodging
 - Level 4.1 Stealth


You had one spell level left.
You didn't know any spells.
Your spell library was empty.

Dungeon Overview and Level Annotations

Branches:
Dungeon (5/15)
 Temple: D:4-7

Altars:

Shops:
D:5 :


Innate Abilities, Weirdness & Mutations

You have a pair of horns on your head.
You reflexively headbutt those who attack you in melee.


Message History

No target in view!
No target in view!
Found a ring mail.
An orc comes into view. It is wielding a +0 short sword.
Found a stone staircase leading up.
The orc shouts!
You hear a shout!
An orc priest comes into view. It is wielding a +3 mace.
Welcome back, RepHenryClay the Minotaur Delver.
Press ? for a list of commands and other information.
Press: ? - help, v - describe, . - travel
Here: an orc priest, wielding a +3 mace The floor.
Unknown command.
Unknown command.
You start waiting.
An orc is nearby!
You closely miss the orc. You hit the orc. Your headbutt misses the orc.
The orc is moderately wounded.
The orc barely misses you. You furiously retaliate!
You headbutt the orc!
You kill the orc!
Your Armour skill increases to level 2!
You closely miss the orc priest. The orc priest hits you with a +3 mace.
Huge Dmg: -23%(-6hp) hp: 77%(20hp)
You closely miss the orc priest. The orc priest barely misses you.
You barely miss the orc priest. You headbutt the orc priest!
The orc priest is severely wounded.
The orc priest hits you with a +3 mace! The orc priest barely misses you.
Huge Dmg: -34%(-9hp) hp: 43%(11hp)
You closely miss the orc priest.
You punch the orc priest, but do no damage.
The orc priest is severely wounded.
The orc priest hits you with a +3 mace!
* * * LOW HITPOINT WARNING * * *
Huge Dmg: -35%(-9hp) hp: 8%(2hp)
You barely miss the orc priest. You headbutt the orc priest.
The orc priest is almost dead.
The orc priest mumbles some strange prayers to Beogh against you.
Pain shoots through your body!
You die...

### ####### #.###
######## ......# ....#
##......#######.#
.##.#####..#.#........#.#
##.....##.............#.#
...#.#.##..#.#.†....^.#.#
.................†....#.#
...#.#...#######......#
.........#######.@)...#
....#..........###o.###
...#########o......##
.#.# #####....##### ##.#
#.....#### ..# #..#####
### #


You could see an orc priest.

Vanquished Creatures
  An adder (D:4)
  A dart slug (D:3)
  An orc (D:3)
  A ball python (D:3)
  An endoplasm (D:3)
  A goblin (D:4)
  2 quokkas
8 creatures vanquished.

Notes
Turn   | Place    | Note
-------+----------+-------------------------------------------
     0 | D:5      | RepHenryClay the Minotaur Delver began the quest for the
                  | Orb.
     0 | D:5      | Reached XP level 1. HP: 19/19 MP: 0/0
     3 | D:5      | Found Toomom's Book Boutique.
     8 | D:5      | Noticed a water moccasin
    73 | D:4      | Reached skill level 1 in Armour
    73 | D:4      | Reached XP level 2. HP: 26/26 MP: 1/1
   260 | D:3      | Killed from afar by an orc priest

Illustrated notes

Levels and vault maps discovered:
D:3:      layout_rooms, tgw_kikubaaqudgha, trog_three_pillars_becter,
          mainiacjoe_overflow_paths, serial_co_window_serial, co_window_paths_a,
          co_window_paths_a, co_window_of_opportunity_a,
          co_window_of_opportunity_a, co_window_corner_a, co_window_paths_b,
          co_window_paths_a, co_window_2corner, co_window_paths_c,
          co_window_of_opportunity_b, co_window_corner_ca, glass_columns_a,
          glass_columns_b, glass_columns_a, glass_columns_a, st_stairs_10,
          eino_tiny_chamber, uniq_grinder, uniq_robin, uniq_ijyb
D:4:      layout_basic, serial_shops, nicolae_shop_stone
D:5:      cheibrodos_two_vegetables, layout_loops_ring, old_standard_altar,
          gammafunk_ghost_mausoleum, serial_shops, shop,
          nicolae_shop_statue_plus, shop, nicolae_shop_mannequins,
          grunt_ministairs_12

Skill      XL: |  1  2 |
---------------+-------+-----
Maces & Flails | 3 |  3.3
Armour         | 1 2 |  2.0
Fighting       | |  3.6
Dodging        | |  2.1
Stealth        | |  4.1

Action                     || total
---------------------------++-------
  Melee: Mace              ||    28
         Headbutt          ||     2
         Punch             ||     1
   Stab: Sleeping          ||     1
 Armour: Leather armour    ||    10
         Chain mail        ||     2
  Dodge: Dodged            ||    15

Table legend: (Time is in decaauts)
 A = Elapsed time spent in this place.
 B = Non-inter-level travel time spent in this place.
 C = Inter-level travel time spent in this place.
 D = Time resting spent in this place.
 E = Time spent auto-exploring this place.
 F = Levels seen in this place.
 G = Mean time per level.
                   A        B        C        D        E       F      G
               +--------+--------+--------+--------+--------+-----+--------+
         Total |    266 |    266 |      0 |      6 |    124 |   3 |   88.7 |
       Dungeon |    266 |    266 |      0 |      6 |    124 |   3 |   88.7 |
               +--------+--------+--------+--------+--------+-----+--------+

Top non-repeatable levels by time:
     D:3: 177 daAuts
     D:4: 76 daAuts
     D:5: 13 daAuts
